Map: [ESL] Oceanborn

Players

ForJumY

  • Race: Protoss Protoss
  • League: Grandmaster
  • Spawn Location: 11:00

SKillous - Winner!

  • Race: Protoss Protoss
  • League: Grandmaster
  • Spawn Location: 5:00

Event: HomeStory Cup XXIV

VOD

Have the link to the VOD?

Description

Time

  • Played on: Dec. 2, 2023, 10:38 a.m.
  • Length: 7:16

All games in this series

Show
View Real Time Build Order
Export as new Build Order

ForJumY Protoss 

Build Orders:  

Get SALT Encoding   

  12  0:00  Probe  
  13  0:12  Probe  
  14  0:17  Pylon  
  14  0:24  Probe  
  15  0:35  Gateway  
  15  0:37  Probe (Chrono Boost)  
  16  0:46  Assimilator, Probe (Chrono Boost)  
  17  0:51  Probe  
  17  0:55  Assimilator  
  18  1:03  Probe (Chrono Boost)  
  19  1:08  Gateway  
  19  1:13  Probe (Chrono Boost)  
  19  1:18  Probe (Chrono Boost)  
  20  1:24  Cybernetics Core  
  21  1:29  Probe  
  22  1:34  Pylon  
  22  1:41  Probe  
  23  1:54  Probe  
  24  2:00  Stalker  
  24  2:01  Warp Gate, Stalker  
  28  2:06  Probe  
  29  2:12  Pylon  
  29  2:18  Probe  
  30  2:32  Adept x2  
  33  2:41  Robotics Facility  
  33  3:02  Sentry x2  
  37  3:10  Nexus  
  37  3:15  Pylon  
  37  3:30  Immortal (Chrono Boost)  
  41  3:49  Shield Battery  
  41  3:50  Stalker  
  41  3:59  Stalker  
  41  4:06  Shield Battery  
  39  4:16  Sentry  
  40  4:23  Warp Prism  
  40  4:27  Probe  
  41  4:31  Stalker  
  43  4:42  Stalker  
  43  4:45  Probe x2 (Chrono Boost)  
  47  4:54  Twilight Council  
  48  5:00  Probe (Chrono Boost)  
  48  5:02  Observer  
  48  5:06  Shield Battery, Probe  
  49  5:11  Probe  
  51  5:19  Probe  
  52  5:21  Adept x2  
  56  5:39  Pylon  
  52  5:46  Immortal  
  51  5:56  Stalker x2  
  42  6:22  Pylon  
  35  6:26  Stalker  
  35  6:27  Stalker  
  17  7:10  Sentry  
Show
View Real Time Build Order
Export as new Build Order

SKillous Protoss - Winner!

Build Orders:  

Get SALT Encoding   

  12  0:00  Probe  
  13  0:12  Probe  
  14  0:17  Pylon  
  14  0:24  Probe  
  15  0:35  Gateway  
  15  0:36  Probe (Chrono Boost)  
  16  0:42  Assimilator  
  16  0:46  Probe (Chrono Boost)  
  17  0:52  Assimilator  
  17  0:53  Probe (Chrono Boost)  
  18  1:05  Probe (Chrono Boost)  
  18  1:07  Gateway  
  19  1:13  Probe (Chrono Boost)  
  20  1:19  Probe  
  20  1:23  Cybernetics Core  
  21  1:31  Probe  
  22  1:33  Pylon  
  22  1:44  Probe  
  23  1:56  Probe  
  23  1:57  Warp Gate (Chrono Boost)  
  23  2:00  Stalker x2  
  28  2:12  Pylon  
  28  2:19  Robotics Facility  
  28  2:26  Shield Battery  
  28  2:30  Stalker  
  30  2:38  Stalker  
  30  2:42  Gateway  
  32  3:00  Stalker  
  34  3:05  Warp Prism (Chrono Boost)  
  36  3:13  Stalker  
  38  3:20  Pylon  
  38  3:38  Observer, Stalker x2  
  42  3:50  Probe  
  40  4:06  Stalker x2  
  42  4:16  Sentry  
  45  4:22  Pylon  
  44  4:33  Observer  
  44  4:39  Sentry  
  44  4:43  Sentry  
  44  4:44  Stalker  
  48  4:46  Adept  
  50  5:07  Observer  
  49  5:21  Adept x3  
  49  5:25  Pylon  
  49  5:27  Nexus  
  53  5:36  Probe  
  50  5:43  Sentry, Stalker  
  50  5:45  Sentry  
  57  5:55  Pylon, Probe  
  55  6:08  Adept x2  
  55  6:10  Probe  
  47  6:25  Adept  
  47  6:28  Probe  
  47  6:30  Adept  
  47  6:32  Sentry  
  34  6:58  Adept x2, Probe (Chrono Boost)  
  34  6:59  Adept  
  36  7:01  Probe (Chrono Boost)  
  37  7:09  Probe (Chrono Boost)  
Tags
 
Add a new tag
Caveats
  • Supply blocks, unpowered buildings, or Contaminate may cause inaccurate times.
  • Supply counts are checked every 10 seconds.